 Dungeon Crawl Stone Soup version 0.30-a0-1157-g2cc9ac7196 (webtiles) character file.

Game seed: 9942156894506259509

2685 lunkers the Geomancer (level 10, -6/80 HPs)
             Began as a Meteoran Earth Elementalist on Apr 24, 2023.
             Was an Elder of Sif Muna.
             Mangled by an orc warrior
             ... wielding a +0 broad axe
              (13 damage)
             ... on level 6 of the Dungeon.
             The game lasted 00:06:02 (2690 turns).

lunkers the Geomancer (Meteoran Earth Elementalist) Turns: 2690, Time: 00:06:03

Health: -6/80      AC:  3    Str: 10    XL:     10   Next: 16%
Magic:  9/23       EV: 12    Int: 20    God:    Sif Muna [****..]
Gold:   178        SH:  0    Dex: 16    Spells: 15/25 levels left

rFire   . . .        b - +4 rapier (protect)
rCold   . . .        (no shield)
rNeg    . . .        k - +0 robe
rPois   .            h - +0 helmet
rElec   .            (no cloak)
rCorr   .            (no gloves)
SInv    .            (no boots)
Will    +....        (no amulet)
Stlth   +            (no ring)
HPRegen 0.33/turn    (no ring)
MPRegen 0.18/turn

%: no passive effects
@: glowing
A: sense surroundings 2, otherworldly, glowing, explore regen
a: Renounce Religion, Channel Magic, Forget Spell, Divine Exegesis


You were on level 6 of the Dungeon.
You worshipped Sif Muna.
Sif Muna was greatly pleased with you.
You visited 1 branch of the dungeon, and saw 6 of its levels.
You also visited: Ossuary.

You collected 178 gold pieces.

Inventory:

Hand Weapons
 a - a +2 short sword of freezing
 b - a +4 rapier of protection (weapon)
 f - a +0 short sword of flaming
Armour
 h - a +0 helmet (worn)
 k - a +0 robe (worn)
Magical Staves
 r - a staff of poison
 u - a staff of cold
Wands
 v - a wand of polymorph (8)
Scrolls
 l - 4 scrolls of teleportation
 o - a scroll of fear
 s - a scroll of magic mapping {unknown}
 t - a scroll of poison {unknown}
 w - a scroll of brand weapon {unknown}
Potions
 c - 3 potions of lignification
 d - 2 potions of flight
 e - 8 potions of curing
 g - a potion of magic
 i - a potion of haste
 j - 3 potions of attraction
 m - a potion of ambrosia {unknown}
 n - a potion of degeneration {unknown}
 p - 2 potions of might
 q - a potion of mutation {unknown}


   Skills:
 + Level 4.5 Fighting
 - Level 2.4 Dodging
 - Level 1.4 Stealth
 + Level 8.2 Spellcasting
 - Level 5.0 Conjurations
 - Level 1.2 Transmutations
 * Level 11.6 Earth Magic


You had 15 spell levels left.
You knew the following spells:

 Your Spells              Type           Power      Damage    Failure   Level
a - Sandblast             Erth           100%       2d20      1%          1
b - Passwall              Tmut/Erth      27%        N/A       1%          2
c - Stone Arrow           Conj/Erth      82%        3d12      1%          3
d - Petrify               Tmut/Erth      33%        N/A       6%          4

Your spell library contained the following spells:

 Spells                   Type           Power      Damage    Failure   Level
 Apportation              Tloc           16%        N/A       9%          1
 Necrotise                Necr           32%        1d5       9%          1
 Summon Small Mammal      Summ           32%        N/A       9%          1
 Cigotuvi's Dreadful Rot  Necr/Pois/Air  16%        N/A       13%         2
 Ignite Poison            Fire/Tmut/Pois 9%         N/A       22%         3
 Irradiate                Conj/Tmut      10%        3d15      54%         5
 Freezing Cloud           Conj/Ice/Air   7%         6-21      75%         5
 Blade Hands              Tmut           6%         N/A       80%         5
 Dragon Form              Tmut           6%         N/A       100%        7


Dungeon Overview and Level Annotations

Branches:
Dungeon (6/15) Zot: 1018   Temple (0/1) D:5         Ossuary (visited)

Altars:
Hepliaklqana
Sif Muna
Uskayaw

Shops:
D:4 *


Innate Abilities, Weirdness & Mutations

You passively map the area around you.
You are easily found by Zot.
You glow in the dark.
You regain HP and MP as you explore.


Message History

Aim: an orc priest, wielding a +0 whip and wearing a +0 chain mail (89% to hit)
The blast of sand hits the orc!!
You kill the orc!
Sif Muna accepts your kill.
Unknown command.
Aiming: Sandblast (safe; 1% risk of failure)
Press: ? - help, Q - select action, (/) - cycle Shift-Dir - straight line, f/p - orc priest
Aim: an orc priest, wielding a +0 whip and wearing a +0 chain mail (89% to hit)
The blast of sand hits the orc priest but does no damage.
The orc priest hits you with a +0 whip.
* * * LOW HITPOINT WARNING * * *
The orc priest invokes the aid of Beogh against you.
Beogh smites you!
* * * LOW HITPOINT WARNING * * *
Aiming: Sandblast (safe; 1% risk of failure)
Press: ? - help, Q - select action, (/) - cycle Shift-Dir - straight line, f/p - orc priest
Aim: an orc priest, wielding a +0 whip and wearing a +0 chain mail (89% to hit)
The blast of sand hits the orc priest.
The orc priest is lightly wounded.
The orc priest hits you with a +0 whip.
* * * LOW HITPOINT WARNING * * *
Unknown command.
Aiming: Sandblast (safe; 1% risk of failure)
Press: ? - help, Q - select action, (/) - cycle Shift-Dir - straight line, f/p - orc priest
Aim: an orc priest, wielding a +0 whip and wearing a +0 chain mail (lightly wounded, 89% to hit)
The blast of sand hits the orc priest!!
You kill the orc priest!
Sif Muna accepts your kill. The orc warrior barely misses you.
Unknown command.
Unknown command.
Casting: Sandblast (safe; 1% risk of failure)
Confirm with . or Enter, or press ? or * to list all spells.
Aiming: Stone Arrow (safe; 1% risk of failure)
Press: ? - help, Shift-Dir - straight line, f - orc warrior
Aim: an orc warrior, wielding a +0 broad axe and wearing a +4 plate armour (76% to hit)
The stone arrow hits the orc warrior!!
The orc warrior is severely wounded.
The orc warrior hits you with a +0 broad axe!
You die...

#..###..#####_.##.##.##..#
####..#
##....####.##.##.####
......# ####.## #...#)..#
......# #..###########
....#.########.....## *,
....#.........####..###.**
...##########........... ,
#....# ####...##... *
..##.#*###### #@### *
.###..##....####o# *, ##
##.......#...)### , #
#......†........# #
#8.............8# *, * #
#######'''####### ** #
#..........[..#
#....#####....# *
#.###.ooo.###.#


You could see an orc warrior.

Vanquished Creatures
  The ghost of turdburglar the Covert, a novice KoEn of Ashenzari (D:6)
  Sigmund (D:2)
  Eustachio (D:4)
  A warg (D:6)
  4 ice beasts (D:6)
  3 ogres
  A centaur (D:4)
  An elf zombie (Ossuary)
  2 bullfrogs (D:6)
  3 scorpions (D:5)
  4 wights (D:6)
  2 hounds (D:6)
  2 orc priests (D:6)
  A sleepcap (D:6)
  Terence (D:3)
  Natasha (twice) (D:4)
  4 iguanas
  2 mummies (Ossuary)
  4 gnolls (D:2)
  4 adders
  A shadow imp (D:6)
  A white imp (D:6)
  2 adder zombies (Ossuary)
  3 dart slugs
  16 orcs
  6 endoplasms
  5 goblins
  4 hobgoblins
  3 jackals (D:2)
  9 kobolds
  2 quokkas
  11 ball pythons
  5 bats
  2 frilled lizards
  A goblin zombie (Ossuary)
  7 hobgoblin zombies (Ossuary)
  2 jackal zombies (Ossuary)
  15 kobold zombies (Ossuary)
  6 orc zombies (Ossuary)
  2 quokka zombies (D:4)
  3 rats
  2 rat zombies (Ossuary)
152 creatures vanquished.

Notes
Turn   | Place    | Note
-------+----------+-------------------------------------------
     0 | D:1      | lunkers the Meteoran Earth Elementalist began the quest for
                  | the Orb.
     0 | D:1      | Reached XP level 1. HP: 14/14 MP: 5/5
    84 | D:1      | Reached skill level 4 in Earth Magic
    84 | D:1      | Reached XP level 2. HP: 20/20 MP: 4/6
   116 | D:1      | Found a faded altar of an unknown god.
   135 | D:1      | Prayed at the altar of an unknown god.
   135 | D:1      | Became a worshipper of Sif Muna the Loreminder
   135 | D:1      | Reached * piety under Sif Muna
   169 | D:1      | Reached XP level 3. HP: 22/26 MP: 5/8
   346 | D:2      | Reached XP level 4. HP: 33/33 MP: 5/10
   350 | D:2      | Reached skill level 5 in Earth Magic
   587 | D:2      | Noticed Sigmund
   589 | D:2      | Reached ** piety under Sif Muna
   595 | D:2      | Killed Sigmund
   596 | D:2      | Reached skill level 6 in Earth Magic
   596 | D:2      | Reached XP level 5. HP: 9/38 MP: 5/13
   596 | D:2      | Reached XP level 6. HP: 11/45 MP: 5/14
   732 | D:3      | Noticed Terence
   736 | D:3      | Killed Terence
   737 | D:3      | Reached skill level 7 in Earth Magic
   772 | D:3      | Learned a level 2 spell: Passwall
   776 | D:3      | Learned a level 3 spell: Stone Arrow
   781 | D:3      | Learned a level 4 spell: Petrify
  1181 | D:4      | Noticed an ogre
  1184 | D:4      | Killed an ogre
  1185 | D:4      | Reached skill level 5 in Spellcasting
  1185 | D:4      | Reached XP level 7. HP: 50/50 MP: 11/15
  1197 | D:4      | Found a sand-covered staircase.
  1207 | Ossuary  | Entered an ossuary
  1262 | Ossuary  | Reached skill level 8 in Earth Magic
  1262 | Ossuary  | Reached *** piety under Sif Muna
  1528 | D:4      | Found Inofawnel's Serpentskin Sales.
  1566 | D:4      | Noticed Eustachio
  1573 | D:4      | Killed Eustachio
  1574 | D:4      | Reached skill level 1 in Conjurations
  1574 | D:4      | Reached XP level 8. HP: 18/57 MP: 6/18
  1797 | D:4      | Noticed Natasha
  1801 | D:4      | Killed Natasha
  1802 | D:4      | Reached skill level 9 in Earth Magic
  1930 | D:4      | Noticed Natasha
  1933 | D:4      | Killed Natasha
  2082 | D:5      | Entered Level 5 of the Dungeon
  2082 | D:5      | Found a hide-covered altar of Uskayaw.
  2082 | D:5      | Found a staircase to the Ecumenical Temple.
  2101 | D:5      | Reached **** piety under Sif Muna
  2225 | D:5      | Reached skill level 1 in Fighting
  2228 | D:5      | Gained mutation: You passively map the area around you.
                  | [Meteoran growth]
  2228 | D:5      | Reached XP level 9. HP: 64/64 MP: 17/20
  2330 | D:6      | Reached skill level 5 in Conjurations
  2330 | D:6      | Reached skill level 10 in Earth Magic
  2433 | D:6      | Found a hazy altar of Hepliaklqana.
  2655 | D:6      | Found a runed translucent gate.
  2656 | D:6      | Found a runed translucent gate.
  2656 | D:6      | Found a runed translucent gate.
  2656 | D:6      | Noticed turdburglar's ghost (novice KoEn)
  2679 | D:6      | Killed turdburglar's ghost
  2680 | D:6      | Reached skill level 11 in Earth Magic
  2680 | D:6      | Reached XP level 10. HP: 50/79 MP: 19/23
  2690 | D:6      | Mangled by an orc warrior

Illustrated notes

Levels and vault maps discovered:
D:1:      psy_arrival_basics, layout_loops_ring, shapermc_ecumenical_altar_venn
D:2:      layout_loops_ring, minmay_tromino_i2, uniq_crazy_yiuf_cottage,
          uniq_sigmund
D:3:      layout_loops_corners, uniq_terence
D:4:      layout_layer_cave, enter_ossuary_4, guppyfry_shop_venom,
          uniq_eustachio, uniq_natasha
D:5:      layout_cave_pools, eat_drink_and_be_merry_uskayaw,
          minmay_temple_entry_sparse_star, sigmund_army
D:6:      layout_rooms, marbit_many_paths, biasface_ghost_orc_armoury

Skill      XL: |  1  2  3  4  5  6  7  8  9 |
---------------+----------------------------+-----
Earth Magic    | 4 6 7 8 9 11 | 11.6
Spellcasting   | 3 4 5 6 8 |  8.2
Conjurations   | 1 4 5 |  5.0
Fighting       | 1 4 |  4.5
Dodging        | |  2.4
Stealth        | |  1.4
Transmutations | |  1.2

Action                     |  1- 3 |  4- 6 |  7- 9 | 10-12 || total
---------------------------+-------+-------+-------+-------++-------
  Melee: Short sword       |       |     1 |       |       ||     1
   Cast: Sandblast         |    29 |    54 |   147 |    10 ||   240
         Stone Arrow       |       |       |     5 |     1 ||     6
    Use: Scroll            |       |       |    11 |       ||    11
 Armour: Robe              |     1 |     5 |    17 |     1 ||    24
  Dodge: Dodged            |     3 |    14 |    40 |     4 ||    61

Table legend: (Time is in decaauts)
 A = Elapsed time spent in this place.
 B = Non-inter-level travel time spent in this place.
 C = Inter-level travel time spent in this place.
 D = Time resting spent in this place.
 E = Time spent auto-exploring this place.
 F = Levels seen in this place.
 G = Mean time per level.
                   A        B        C        D        E       F      G
               +--------+--------+--------+--------+--------+-----+--------+
         Total |   2807 |   2729 |     78 |      0 |   1945 |   7 |  401.0 |
       Dungeon |   2580 |   2502 |     78 |      0 |   1851 |   6 |  430.0 |
       Ossuary |    226 |    226 |      0 |      0 |     94 |   1 |  226.0 |
               +--------+--------+--------+--------+--------+-----+--------+

Top non-repeatable levels by time:
     D:4: 716 daAuts
     D:3: 529 daAuts
     D:6: 449 daAuts
     D:2: 369 daAuts
     D:1: 320 daAuts
 Ossuary: 226 daAuts
     D:5: 195 daAuts
